Map: Dusk Towers

Players

IIIIIIIIIIII

  • Race: Zerg Zerg
  • League: Grandmaster

SirRobin - Winner!

  • Race: Zerg Zerg
  • League: Grandmaster

VOD

Have the link to the VOD?

Description

an hour and 4 minute ZvZ against a bm zerg. This was game 2 after he raged, bm'd, and quit game 1.

Time

  • Played on: Dec. 24, 2015, 2:35 p.m.
  • Length: 64:58
Show
View Real Time Build Order
Export as new Build Order

IIIIIIIIIIII Zerg 

Build Orders: Pool First, Lurkers 

Get SALT Encoding   

  12  0:01  Drone  
  13  0:13  Overlord  
  13  0:17  Drone  
  14  0:32  Drone x2  
  16  0:36  Drone  
  17  0:45  Spawning Pool  
  17  0:48  Drone  
  17  0:58  Drone  
  18  1:13  Hatchery  
  18  1:15  Drone  
  18  1:20  Drone  
  19  1:31  Queen  
  21  1:32  Extractor  
  21  1:38  Spine Crawler  
  21  1:39  Drone  
  20  1:43  Drone  
  21  2:00  Drone  
  22  2:08  Overlord  
  22  2:15  Extractor  
  22  2:16  Overlord  
  21  2:24  Queen  
  21  2:25  Queen  
  21  2:29  Drone x2  
  27  2:36  Drone  
  28  2:42  Drone  
  29  2:47  Drone  
  30  2:53  Drone  
  31  3:03  Lair  
  31  3:06  Queen  
  31  3:09  Drone  
  31  3:10  Drone x2  
  36  3:27  Drone x3  
  36  3:28  Drone  
  40  3:35  Drone x4  
  40  3:37  Overlord  
  40  3:40  Overlord  
  44  3:48  Extractor  
  43  3:49  Drone  
  44  3:59  Spine Crawler  
  44  4:00  Spine Crawler x2  
  41  4:06  Hydralisk Den  
  41  4:08  Drone x4  
  44  4:20  Drone x6  
  50  4:27  Drone  
  51  4:38  Lurker Den  
  51  4:42  Extractor  
  51  4:43  Queen x2  
  54  5:02  Drone x2  
  56  5:15  Drone  
  56  5:16  Hydralisk Den  
  56  5:18  Queen  
  58  5:27  Overlord  
  58  5:28  Overlord x2  
  58  5:36  Overseer  
  58  5:53  Overlord  
  58  5:54  Overlord  
  58  5:57  Queen x2  
  58  6:01  Hydralisk x5  
  58  6:02  Hydralisk  
  74  6:08  Infestation Pit  
  73  6:14  Hydralisk x2  
  77  6:27  Lurker  
  77  6:28  Lurker x5  
  83  6:46  Lurker x2  
  81  6:53  Queen x2  
  81  6:55  Pathogen Glands  
  81  7:28  Queen  
  83  7:37  Drone  
  84  7:49  Hatchery  
  84  7:50  Queen, Hatchery  
  84  7:54  Spore Crawler  
  84  7:56  Spore Crawler  
  84  7:58  Spore Crawler x2  
  80  7:59  Drone x3  
  80  8:01  Drone  
  84  8:07  Overlord x2  
  84  8:16  Evolution Chamber  
  84  8:17  Evolution Chamber  
  84  8:26  Infestor  
  84  8:27  Infestor x5  
  84  8:28  Infestor x2  
  98  8:37  Drone x2  
  98  8:38  Overlord x2  
  98  8:39  Overlord  
  100  8:45  Hive  
  100  8:47  Zerg Missile Weapons Level 1  
  100  8:53  Overseer  
  100  8:56  Queen  
  102  9:13  Spore Crawler  
  102  9:15  Spore Crawler  
  100  9:17  Zerg Ground Armor Level 1  
  100  9:18  Drone x3  
  100  9:19  Drone x7  
  100  9:20  Drone x3  
  113  9:24  Spore Crawler  
  113  9:25  Spore Crawler  
  113  9:26  Spore Crawler  
  110  9:33  Drone x4, Spire  
  110  9:35  Extractor, Queen  
  110  9:36  Extractor  
  113  9:55  Drone  
  113  9:56  Drone x2  
  113  9:57  Spore Crawler x2  
  113  9:59  Spore Crawler  
  113  10:02  Spore Crawler x2, Drone x4  
  113  10:03  Drone x2  
  111  10:43  Hydralisk x3  
  111  10:44  Viper x3  
  111  10:48  Zerg Flyer Armor Level 1  
  127  10:50  Drone x3  
  129  10:57  Spore Crawler  
  129  10:58  Spore Crawler x2  
  129  10:59  Spore Crawler  
  129  11:00  Drone x5  
  129  11:02  Zerg Missile Weapons Level 2  
  129  11:03  Spine Crawler x2  
  128  11:05  Spine Crawler  
  128  11:08  Queen  
  129  11:12  Lurker  
  129  11:13  Lurker x2  
  132  11:47  Zerg Ground Armor Level 2  
  132  12:25  Infestor x2  
  132  12:27  Overlord x3  
  136  12:54  Viper x4  
  136  12:55  Viper x2  
  154  13:00  Drone x2  
  154  13:01  Drone x4  
  160  13:06  Spine Crawler  
  160  13:07  Spine Crawler x2  
  160  13:08  Spine Crawler  
  160  13:09  Drone x3  
  160  13:10  Spine Crawler x3  
  156  13:25  Hatchery  
  154  14:35  Zerg Ground Armor Level 3  
  154  14:36  Zerg Missile Weapons Level 3, Spawning Pool  
  154  14:37  Infestor x4  
  161  15:01  Drone x4  
  161  15:02  Drone  
  161  15:04  Extractor  
  161  15:05  Extractor  
  164  15:18  Overlord x4  
  164  15:36  Drone  
  164  15:37  Drone x2  
  167  15:52  Corruptor  
  167  15:53  Corruptor x8  
  167  15:54  Corruptor x3  
  191  16:00  Zerg Flyer Weapons Level 1  
  191  16:05  Pneumatized Carapace  
  191  16:08  Corruptor  
  191  16:09  Corruptor x2  
  197  16:25  Hatchery  
  145  17:21  Corruptor x3  
  145  17:22  Corruptor x7  
  151  17:27  Queen x2  
  165  17:40  Extractor  
  164  17:50  Drone x2  
  164  17:51  Queen, Drone x6  
  169  17:52  Queen  
  176  17:59  Infestor x2  
  180  18:48  Spore Crawler x2, Drone x5  
  180  18:49  Spore Crawler  
  180  18:50  Drone x6  
  180  18:51  Drone x2  
  180  18:53  Extractor x2, Spore Crawler  
  180  18:55  Spore Crawler  
  186  18:56  Spore Crawler  
  186  18:57  Spore Crawler  
  186  18:58  Spore Crawler x2  
  186  19:00  Spine Crawler  
  186  19:01  Spine Crawler  
  186  19:02  Spine Crawler  
  179  19:03  Spine Crawler  
  178  19:12  Zerg Flyer Weapons Level 2, Zerg Melee Weapons Level 1  
  178  19:29  Spine Crawler  
  177  19:33  Viper x4  
  189  19:41  Overlord x3  
  189  19:42  Overlord x2  
  160  20:35  Corruptor  
  160  20:36  Corruptor x7  
  166  21:14  Queen x2  
  160  21:34  Corruptor x4  
  166  21:42  Queen x2  
  170  21:52  Drone x5  
  170  21:53  Viper x5, Drone x2  
  192  21:57  Infestor  
  194  22:10  Hatchery  
  193  22:47  Infestor x2, Spore Crawler  
  193  22:48  Spine Crawler, Spore Crawler x2  
  193  22:49  Corruptor x2  
  193  22:50  Spine Crawler, Corruptor x2, Spore Crawler  
  199  23:15  Zerg Melee Weapons Level 2  
  199  23:21  Drone  
  200  24:19  Spine Crawler, Spore Crawler x2  
  200  24:20  Spine Crawler x2  
  200  24:21  Drone x5  
  200  24:38  Overseer x4  
  200  24:40  Overlord x2  
  200  24:41  Zerg Flyer Armor Level 2  
  200  25:12  Drone x3  
  200  25:21  Spine Crawler  
  200  25:22  Spine Crawler  
  200  25:23  Spine Crawler  
  200  25:24  Spine Crawler, Drone x2  
  200  25:25  Spine Crawler, Drone x3  
  200  25:48  Extractor x2  
  198  25:59  Spine Crawler  
  198  26:00  Spine Crawler x2, Spore Crawler  
  198  26:03  Spine Crawler  
  193  26:05  Spore Crawler  
  193  26:09  Drone x5  
  193  26:10  Drone x3  
  200  26:25  Spore Crawler  
  199  26:27  Spore Crawler  
  199  26:28  Spore Crawler  
  197  26:37  Spine Crawler  
  196  26:40  Drone x4  
  196  26:43  Spore Crawler  
  196  26:46  Spine Crawler  
  198  26:48  Spine Crawler x2  
  198  26:49  Spine Crawler  
  198  26:50  Spine Crawler  
  198  26:51  Spine Crawler  
  193  26:57  Zerg Flyer Weapons Level 3  
  193  26:58  Drone x5  
  193  26:59  Drone x2  
  200  27:57  Spine Crawler x2  
  198  27:59  Spine Crawler  
  198  28:02  Spire  
  196  28:11  Spore Crawler  
  196  28:12  Hydralisk x2  
  195  28:13  Hydralisk  
  195  28:14  Spore Crawler  
  195  28:15  Spine Crawler  
  199  28:22  Spine Crawler  
  199  28:24  Spine Crawler x2  
  199  28:26  Spine Crawler  
  195  28:50  Lurker  
  195  28:51  Lurker  
  195  28:54  Lurker  
  195  28:55  Hydralisk  
  200  28:58  Spore Crawler  
  199  29:25  Greater Spire  
  199  29:34  Zerg Flyer Armor Level 3  
  199  30:09  Burrow  
  199  30:15  Lurker  
  200  30:57  Zerg Melee Weapons Level 3  
  180  31:29  Corruptor x8  
  180  31:30  Corruptor x2  
  200  31:56  Spine Crawler  
  200  32:00  Spore Crawler  
  198  32:04  Corruptor  
  200  34:06  Spore Crawler  
  200  34:08  Spine Crawler  
  198  34:20  Spore Crawler  
  198  34:21  Spine Crawler  
  196  34:28  Spore Crawler  
  196  34:29  Spore Crawler  
  194  35:15  Hydralisk  
  194  35:16  Hydralisk x2  
  200  35:27  Spine Crawler  
  199  35:29  Spine Crawler x2  
  199  35:33  Spine Crawler  
  199  35:34  Spine Crawler  
  195  35:46  Spine Crawler  
  194  35:55  Lurker x3  
  197  36:03  Spine Crawler, Spore Crawler  
  195  36:04  Spine Crawler  
  195  36:05  Spore Crawler  
  193  36:19  Hydralisk x2  
  197  36:45  Lurker  
  198  36:51  Hydralisk  
  198  36:53  Spine Crawler  
  200  36:54  Lurker  
  200  37:28  Lurker, Spine Crawler  
  200  39:00  Spore Crawler  
  200  39:02  Spore Crawler  
  198  39:07  Spine Crawler  
  198  39:08  Spine Crawler  
  196  39:10  Spine Crawler  
  196  39:16  Spine Crawler  
  194  39:50  Swarm Host x2  
  200  40:45  Infestor x10  
  200  41:03  Queen x13  
  200  41:59  Spore Crawler  
  199  42:02  Spore Crawler  
  199  42:04  Spine Crawler  
  199  42:05  Spine Crawler  
  199  42:06  Spine Crawler x2, Swarm Host x2  
  194  42:22  Swarm Host x2  
  197  42:23  Infestor x10  
  200  42:50  Spine Crawler  
  200  42:51  Spine Crawler x2  
  198  42:53  Swarm Host  
  200  43:41  Spine Crawler  
  163  45:25  Swarm Host x5  
  163  45:26  Swarm Host x7  
  196  46:10  Swarm Host x2  
  196  46:11  Swarm Host  
  196  46:16  Swarm Host  
  190  48:15  Corruptor x4  
  190  48:16  Corruptor x2  
  194  51:34  Swarm Host x2  
  198  52:03  Queen  
  185  53:30  Viper x3  
  185  53:31  Viper  
  197  53:34  Viper  
  200  55:44  Queen  
  177  56:34  Swarm Host x4  
  186  57:56  Infestor x7  
  177  58:07  Queen x3  
  177  58:08  Queen  
  171  58:45  Queen x3  
  169  59:22  Queen  
  169  59:23  Queen x3  
  177  59:41  Queen x8  
  177  59:58  Queen x2  
  177  59:59  Queen x2  
  185  60:34  Queen x4  
  148  61:19  Infestor x7  
  133  62:27  Infestor x7  
  133  62:53  Infestor x6  
  131  63:20  Infestor x3  
  131  63:21  Infestor x2  
Show
View Real Time Build Order
Export as new Build Order

SirRobin Zerg - Winner!

Build Orders: Hatch First 

Get SALT Encoding   

  12  0:01  Drone  
  13  0:08  Drone  
  14  0:17  Overlord  
  14  0:26  Extractor, Drone  
  15  0:35  Drone  
  15  0:36  Drone  
  17  0:54  Hatchery, Drone  
  17  0:58  Drone  
  18  1:11  Spawning Pool  
  18  1:13  Extractor  
  18  1:16  Drone  
  17  1:19  Drone  
  18  1:27  Drone  
  19  1:37  Overlord  
  19  1:48  Drone  
  20  1:57  Queen  
  20  1:59  Drone  
  23  2:05  Drone  
  23  2:06  Queen  
  26  2:10  Drone  
  26  2:14  Metabolic Boost  
  27  2:27  Hatchery  
  27  2:29  Drone  
  27  2:32  Drone  
  27  2:34  Drone  
  29  2:40  Baneling Nest  
  29  2:43  Drone  
  29  2:47  Drone  
  30  2:51  Drone x2  
  30  2:54  Drone  
  33  3:01  Overlord  
  33  3:03  Drone  
  34  3:06  Drone, Zergling x2  
  34  3:10  Overlord  
  36  3:20  Zergling x8  
  36  3:21  Zergling x2  
  36  3:27  Queen  
  41  3:30  Overlord  
  41  3:33  Drone  
  44  3:39  Queen  
  46  3:41  Drone  
  46  3:44  Drone  
  46  3:48  Drone x2  
  49  4:03  Drone x8  
  49  4:09  Overlord  
  57  4:13  Roach Warren, Extractor, Drone x2  
  57  4:14  Drone  
  58  4:18  Overlord  
  58  4:23  Drone x2  
  58  4:24  Drone  
  61  4:31  Overlord  
  61  4:48  Lair  
  61  4:58  Roach x10  
  61  4:59  Roach x4  
  89  5:09  Overlord x2  
  89  5:19  Overlord x2  
  89  5:27  Overlord  
  89  5:29  Drone x2  
  89  5:31  Extractor  
  92  5:35  Roach  
  92  5:36  Roach x6  
  104  5:53  Glial Reconstitution  
  104  5:55  Drone x2  
  107  5:57  Zergling x18  
  107  5:58  Zergling x6  
  118  6:08  Overseer  
  118  6:20  Overlord  
  117  6:29  Baneling  
  117  6:30  Baneling x7  
  117  6:33  Baneling x3  
  117  6:34  Zergling x2  
  117  6:35  Zergling x8  
  117  6:36  Overlord x3  
  112  6:53  Drone  
  112  6:54  Drone x8  
  114  6:58  Extractor  
  113  7:05  Spire  
  113  7:07  Overlord, Drone x3  
  113  7:08  Hatchery, Drone x3  
  118  7:13  Overseer  
  117  7:17  Overlord  
  117  7:20  Extractor x2  
  112  7:25  Drone  
  112  7:28  Drone x2  
  112  7:29  Overlord  
  115  7:31  Zergling x2  
  115  7:32  Zergling x12  
  122  7:42  Overseer  
  122  7:43  Overseer  
  122  8:06  Overlord  
  122  8:14  Drone x11  
  122  8:15  Hatchery, Drone  
  133  8:22  Drone  
  133  8:23  Hatchery  
  133  8:33  Drone  
  133  8:36  Zerg Flyer Weapons Level 1  
  133  8:37  Extractor  
  132  8:41  Overlord  
  132  8:43  Extractor  
  131  8:56  Drone x3  
  131  8:58  Overlord x3  
  134  9:04  Extractor  
  134  9:07  Extractor  
  132  9:11  Extractor  
  132  9:12  Drone  
  132  9:13  Drone  
  132  9:16  Extractor  
  132  9:29  Drone  
  133  9:36  Mutalisk  
  133  9:37  Mutalisk x21  
  177  9:47  Mutalisk  
  177  9:48  Mutalisk x2  
  183  9:54  Hatchery, Drone  
  183  9:56  Mutalisk x2  
  188  10:07  Drone  
  188  10:08  Queen  
  188  10:10  Pneumatized Carapace  
  188  10:11  Overlord  
  188  10:12  Overseer  
  190  10:15  Mutalisk x3  
  194  10:35  Mutalisk  
  180  10:36  Mutalisk x8  
  196  10:52  Drone x3  
  196  10:54  Zerg Flyer Weapons Level 2  
  199  11:00  Infestation Pit  
  198  11:05  Drone  
  199  11:36  Hive  
  199  11:43  Extractor  
  199  11:46  Extractor  
  169  12:10  Mutalisk  
  169  12:11  Mutalisk x17  
  169  12:12  Mutalisk x5  
  199  12:51  Overseer  
  199  12:59  Infestation Pit  
  199  13:01  Spire  
  197  13:11  Greater Spire  
  196  13:44  Drone x3  
  175  14:16  Corruptor  
  151  14:17  Corruptor x17  
  187  14:52  Zerg Flyer Weapons Level 3  
  187  14:53  Zerg Flyer Armor Level 1  
  187  15:00  Spore Crawler  
  187  15:01  Spore Crawler x5  
  187  15:02  Spore Crawler x2  
  187  15:03  Spore Crawler x2  
  187  15:05  Spore Crawler, Hatchery  
  187  15:06  Spore Crawler, Hatchery  
  173  15:07  Spore Crawler  
  173  15:08  Spore Crawler x3  
  173  15:09  Spore Crawler  
  173  15:10  Spore Crawler x2  
  173  15:11  Spore Crawler  
  173  15:12  Spore Crawler  
  173  15:13  Brood Lord x2  
  173  15:14  Brood Lord x8  
  174  15:15  Brood Lord x6  
  217  15:30  Overseer x2  
  217  15:31  Overseer x2  
  217  15:58  Evolution Chamber x2  
  147  17:12  Corruptor  
  147  17:13  Corruptor x22  
  147  17:14  Corruptor x8  
  151  17:31  Drone x5  
  151  17:32  Drone  
  153  17:43  Zerg Melee Weapons Level 1, Zerg Ground Armor Level 1  
  153  17:52  Brood Lord x4  
  153  17:57  Brood Lord  
  163  18:04  Viper x2  
  163  18:05  Viper  
  169  18:10  Viper  
  169  18:11  Viper  
  178  18:14  Overlord  
  178  18:16  Overlord  
  178  18:17  Overseer  
  178  18:21  Overseer x2  
  178  18:24  Zerg Flyer Armor Level 2  
  178  18:28  Drone x2  
  178  18:31  Extractor, Drone  
  178  18:32  Drone  
  178  18:33  Extractor  
  180  19:06  Brood Lord  
  180  19:07  Brood Lord  
  180  19:08  Brood Lord  
  186  19:12  Brood Lord  
  186  19:13  Brood Lord x2  
  186  19:15  Corruptor x4  
  200  19:33  Extractor  
  165  20:29  Brood Lord  
  165  20:30  Brood Lord x2  
  167  20:46  Overlord x2  
  167  20:47  Overlord  
  159  21:10  Corruptor x5  
  159  21:11  Corruptor x7  
  161  21:35  Corruptor  
  161  21:36  Corruptor x16  
  153  22:13  Pathogen Glands  
  153  22:14  Zerg Melee Weapons Level 2, Zerg Ground Armor Level 2  
  153  22:17  Zerg Flyer Armor Level 3  
  153  22:31  Ultralisk Cavern  
  153  22:34  Drone x2  
  154  22:58  Viper x4  
  154  22:59  Viper  
  169  23:17  Overseer  
  169  23:18  Overseer  
  169  23:21  Zergling x2  
  169  23:22  Zergling x12  
  176  23:32  Hatchery  
  175  23:35  Hatchery  
  174  24:03  Chitinous Plating  
  174  24:40  Adrenal Glands  
  172  25:26  Hatchery x2  
  172  25:28  Zerg Ground Armor Level 3, Zerg Melee Weapons Level 3  
  170  25:46  Ultralisk x4  
  170  25:48  Zergling x12  
  200  26:06  Nydus Network  
  199  26:34  Hatchery  
  198  26:42  Extractor  
  198  26:43  Extractor  
  196  26:47  Zergling x4  
  196  26:48  Zergling x4  
  200  27:07  Extractor  
  198  27:23  Extractor  
  173  28:15  Spore Crawler  
  173  28:18  Spine Crawler  
  171  28:20  Hatchery  
  171  28:23  Overseer x2  
  171  28:24  Spine Crawler  
  171  28:26  Spine Crawler  
  168  28:27  Ultralisk  
  168  28:28  Ultralisk x3  
  168  28:29  Ultralisk, Spine Crawler  
  197  28:52  Extractor  
  197  28:54  Drone x3  
  199  29:06  Spore Crawler  
  198  29:21  Spine Crawler  
  197  29:49  Overseer x2  
  197  30:53  Zergling x2  
  197  30:54  Zergling x4  
  198  32:33  Hatchery  
  153  32:55  Viper x3  
  153  32:58  Zergling x28  
  166  32:59  Zergling x24  
  166  33:03  Spore Crawler  
  166  33:04  Spore Crawler  
  186  33:07  Spore Crawler  
  185  33:23  Spore Crawler  
  185  33:25  Overlord x2  
  184  33:28  Overseer x2  
  184  34:08  Spore Crawler  
  184  34:09  Spore Crawler  
  182  34:20  Spine Crawler  
  182  34:22  Spine Crawler  
  182  34:23  Spine Crawler  
  177  34:41  Spine Crawler  
  177  34:42  Spine Crawler  
  175  35:13  Spine Crawler x2  
  173  35:15  Spine Crawler  
  173  35:16  Spine Crawler x2  
  173  35:20  Spine Crawler  
  169  35:42  Swarm Host  
  169  35:43  Swarm Host x9  
  169  35:47  Spine Crawler x2  
  197  35:51  Spine Crawler  
  197  35:52  Spine Crawler  
  197  35:54  Spine Crawler  
  197  35:56  Spine Crawler, Spore Crawler  
  192  35:58  Spore Crawler  
  192  36:00  Spore Crawler  
  192  36:02  Spore Crawler  
  189  36:06  Spine Crawler x2  
  189  36:08  Spine Crawler x2, Spore Crawler  
  189  36:10  Spore Crawler  
  183  36:32  Swarm Host  
  183  36:33  Swarm Host x4  
  198  37:03  Spine Crawler  
  197  37:20  Swarm Host  
  200  37:25  Spore Crawler  
  200  37:26  Spine Crawler  
  198  38:28  Spine Crawler  
  197  38:53  Spore Crawler  
  197  38:55  Spore Crawler  
  195  39:02  Spore Crawler  
  194  39:48  Spore Crawler x2  
  194  39:49  Spine Crawler, Spore Crawler  
  194  39:50  Spine Crawler  
  189  39:54  Spore Crawler  
  188  41:05  Spine Crawler  
  188  41:09  Spore Crawler  
  186  41:17  Spore Crawler  
  178  42:39  Swarm Host x3  
  178  42:40  Swarm Host x4  
  199  44:27  Spore Crawler  
  198  44:49  Spine Crawler, Spore Crawler  
  142  45:41  Drone x3  
  145  45:53  Spine Crawler  
  145  45:56  Spine Crawler  
  143  45:58  Spine Crawler  
  142  46:44  Ultralisk x4  
  142  46:45  Ultralisk  
  142  46:46  Zergling x2  
  173  46:47  Zergling x36  
  173  46:48  Zergling x8  
  186  47:41  Spine Crawler  
  186  47:42  Spine Crawler  
  186  47:43  Spine Crawler x2  
  182  47:45  Spine Crawler  
  180  48:17  Brood Lord  
  180  48:18  Brood Lord x2  
  188  48:20  Brood Lord  
  188  48:58  Corruptor x4  
  184  50:18  Ultralisk x2  
  196  51:02  Spine Crawler  
  195  51:32  Spine Crawler  
  193  52:45  Overlord  
  193  52:46  Overlord  
  176  53:34  Viper x2  
  175  54:08  Overlord  
  171  54:13  Viper x4  
  171  54:14  Viper x2  
  189  54:17  Zergling x10  
  194  54:57  Zergling x12  
  171  56:50  Overlord  
  171  57:00  Overseer x3  
  171  57:22  Zergling x2  
  172  57:23  Zergling x46  
  174  58:10  Viper x3  
  180  58:39  Zergling x2  
  180  58:40  Zergling x26  
  180  58:41  Zergling x2  
  178  58:47  Overlord x2  
  174  58:54  Overlord  
  174  59:17  Queen x3  
  174  59:18  Queen  
  182  59:44  Queen x2  
  171  60:52  Zerg Missile Weapons Level 1  
  142  62:02  Overseer x4  
  142  62:04  Ultralisk x4  
  142  62:06  Zergling x26  
  142  62:07  Zergling x24  
  191  62:58  Viper  
  191  63:00  Overlord x2  
  183  63:28  Zergling x22  
  183  63:29  Zergling x12  
Tags
 
Add a new tag
Caveats
  • Supply blocks, unpowered buildings, or Contaminate may cause inaccurate times.
  • Supply counts are checked every 10 seconds.